 Dungeon Crawl Stone Soup version 0.30.0-10-gfe55d96785 (webtiles) character file.

Game seed: 11203432947112983071

0 qw the Trooper (level 1, 0/14 HPs)
             Began as a Gargoyle Cinder Acolyte on May 16, 2023.
             Was a High Priest of Ignis.
             Slain by a gnoll
             ... wielding a +0 flail
              (5 damage)
             ... on level 1 of the Dungeon.
             The game lasted 00:00:01 (74 turns).

qw the Trooper (Gargoyle Cinder Acolyte)              Turns: 74, Time: 00:00:01

Health: 0/14       AC: 11    Str: 17    XL:     1   Next: 10%
Magic:  2/2        EV: 11    Int: 14    God:    Ignis [*****.]
Gold:   21         SH:  0    Dex:  5    Spells: 2/2 levels left

rFire   + . .        a - -1 hand axe (flame)
rCold   . . .        (no shield)
rNeg    + . .        b - +0 robe
rPois   inf          (no helmet)
rElec   +            (no cloak)
rCorr   .            (no gloves)
SInv    .            (no boots)
Will    .....        (no amulet)
Stlth   +            (no ring)
HPRegen 0.22/turn    (no ring)
MPRegen 0.08/turn

%: no passive effects
@: fiery-armoured
A: sickness immunity, AC +2, negative energy resistance 1, electricity
resistance, torment resistance 1, petrification resistance
a: Renounce Religion, Fiery Armour, Foxfire Swarm, Rising Flame


You were on level 1 of the Dungeon.
You worshipped Ignis.
Ignis was extremely pleased with you.
You visited 1 branch of the dungeon, and saw 1 of its levels.

You collected 21 gold pieces.


Innate Abilities, Weirdness & Mutations

You are immune to sickness and miasma.
Your stone body is resilient. (AC +2)
You are immune to poison.
You resist negative energy. (rN+)
You are resistant to electric shocks. (rElec)
You are resistant to unholy torment.
You are immune to petrification.


   Skills:
 - Level 3.2 Fighting
 + Level 2.7 Axes
 - Level 1.0 Spellcasting
 - Level 3.0 Fire Magic


You had 2 spell levels left.
You didn't know any spells.
Your spell library contained the following spells:

 Spells                   Type           Power      Damage    Failure   Level
 Scorch                   Fire           18%        2d5       12%         2

Inventory:

Hand Weapons
 a - a -1 hand axe of flaming (weapon)
Armour
 b - a +0 robe (worn)
Potions
 c - a potion of berserk rage {unknown}

Dungeon Overview and Level Annotations

Branches:
Dungeon (1/15)

Altars:


Message History

The flames of Ignis gently warm you.
Press ? for a list of commands and other information.
Found a staircase leading out of the dungeon.
Options error: Missing colour in message_colour setting: 'then' x2
Waypoint 0 assigned to D:1.
0 ||| PLANNING D:1-11 You now have 9 gold pieces.
c - a fuming silvery potion You now have 21 gold pieces (gained 12).
There is a shaft here.
Found a stone staircase leading down.
There is a stone staircase leading down here.
Found an escape hatch in the floor.
A bat comes into view.
You hit the bat. You burn the bat.
You kill the bat!
You see here a bat corpse.
There is an escape hatch in the floor here.
A gnoll comes into view. It is wielding a +0 flail.
Found a scroll labelled MAGIRGH KUATO.
The gnoll shouts!
You hear a shout!
A bat comes into view.
A hobgoblin comes into view.
The bat moves out of view.
You hit the gnoll. You burn the gnoll.
The gnoll is heavily wounded.
You closely miss the hobgoblin. The gnoll hits you with a +0 flail!
Ouch! That really hurt!
The hobgoblin barely misses you.
73 ||| INVOKING Fiery Armour.
A protective cloak of flame settles atop you.
The gnoll barely misses you.
The hobgoblin hits you but does no damage.
The hobgoblin is burned by your cloak of flames.
The hobgoblin is almost dead.
You closely miss the hobgoblin.
The hobgoblin is almost dead.
You hit the gnoll. You burn the gnoll. The hobgoblin closely misses you.
The gnoll hits you with a +0 flail.
You die...

#. # ..#.....##.## #
............# #
........##..# ##
?............ #. ##
.............##. #.
b...#####..##..#
#.##g..........##..#
#..@g# #......##<
#..### #.#.#..##.
#..# ##.#.#.###..#
#.>###.........##..#
#...........###..##.
##.######.## #..##.
#.# # #..... #%#
.......###. #.#
######.###.


You could see a gnoll, a hobgoblin and a bat.

Vanquished Creatures
  A bat (D:1)
1 creature vanquished.

Notes
Turn   | Place    | Note
-------+----------+-------------------------------------------
     0 | D:1      | qw the Gargoyle Cinder Acolyte began the quest for the Orb.
     0 | D:1      | Reached XP level 1. HP: 14/14 MP: 2/2
     0 | D:1      | 0 ||| qw: Version: 0.2-a-94-g6f95ed7
     0 | D:1      | 0 ||| qw: Game counter: 41
     0 | D:1      | 0 ||| qw: Always use a shield: true
     0 | D:1      | 0 ||| qw: God list: Okawaru
     0 | D:1      | 0 ||| qw: Allow faded altars: false
     0 | D:1      | 0 ||| qw: Do Orc after D:15 true
     0 | D:1      | 0 ||| qw: Do second Lair branch before Depths: true
     0 | D:1      | 0 ||| qw: Lair rune preference: random
     0 | D:1      | 0 ||| qw: Plans: Normal
     0 | D:1      | 0 ||| PLANNING D:1-11
    73 | D:1      | 73 ||| INVOKING Fiery Armour.
    74 | D:1      | Slain by a gnoll

Levels and vault maps discovered:
D:1:      lightli_iron_boxes, layout_loops_ring

Action                     || total
---------------------------++-------
  Melee: Hand axe          ||     3
 Invoke: Fiery Armour      ||     1
 Armour: Robe              ||     1
  Dodge: Dodged            ||     3

Table legend:
 A = Non-vault XP
 B = Vault XP
 C = Vault XP percentage of total XP
 D = Non-vault monster count
 E = Vault monster count
 F = Vault count percentage of total count
                 A         B        C        D         E       F
            +---------+---------+-------+---------+---------+-------
      Total |       1 |       0 |   0.0 |       1 |       0 |   0.0
            +---------+---------+-------+---------+---------+-------
        D:1 |       1 |       0 |   0.0 |       1 |       0 |   0.0
            +---------+---------+-------+---------+---------+-------
